 Dungeon Crawl Stone Soup version 0.31-a0-609-g7bf6ffcfed (webtiles) character file.

Game seed: 3598955532100790730

548 Rohain the Slasher (level 7, -1/48 (56) HPs)
             Began as a Gnoll Reaver on Aug 21, 2023.
             Succumbed to a killer bee's poison
             ... on level 4 of the Dungeon.
             The game lasted 00:09:01 (4154 turns).

Rohain the Slasher (Gnoll Reaver)                   Turns: 4154, Time: 00:09:01

HP:   -1/48 (56)    AC:  6    Str: 13    XL:     7   Next: 28%
MP:   15/15         EV: 13    Int: 12    God:
Gold: 256           SH:  0    Dex: 11    Spells: 14/17 levels left

rFire   + . .        c - +2 trident (venom)
rCold   . . .        (no shield)
rNeg    . . .        b - +0 leather armour
rPois   .            (no helmet)
rElec   .            j - +2 cloak
rCorr   +            (no gloves)
SInv    .            (no boots)
Will    .....        (no amulet)
Stlth   ++           i - ring of resist corrosion
HPRegen 0.28/turn    o - ring of protection from fire
MPRegen 0.14/turn

%: no passive effects
@: lethally poisoned (-1 -> -28), heavily drained
A: fangs 1, strong nose, distributed training
a: no special abilities


You were on level 4 of the Dungeon.
You visited 1 branch of the dungeon, and saw 5 of its levels.
You also visited: Sewer.

You collected 256 gold pieces.

Inventory:

Hand Weapons
 a - a +0 falchion
 c - a +2 trident of venom (weapon)
 m - a +1 short sword of electrocution
 v - a +0 long sword
 x - a +3 heavy spear
Missiles
 w - 2 throwing nets
Armour
 b - a +0 leather armour (worn)
 d - a +0 cloak
 j - a +2 cloak (worn)
Jewellery
 i - a ring of resist corrosion (left hand)
 o - a ring of protection from fire (right hand)
 q - a ring of ice
Wands
 s - a wand of mindburst (8)
Scrolls
 g - a scroll of noise
 l - a scroll of immolation
Potions
 e - a potion of attraction {unknown}
 f - a potion of haste {unknown}
 h - a potion of enlightenment
 k - a potion of curing {unknown}
 n - a potion of mutation {unknown}
 p - 2 potions of degeneration
 r - 2 potions of heal wounds {unknown}
 t - 2 potions of magic
 u - a potion of ambrosia {unknown}
 z - a potion of lignification {unknown}


   Skills:
 + Level 5.2 Fighting
 + Level 2.4 Short Blades
 + Level 7.0 Long Blades
 + Level 2.4 Axes
 + Level 2.4 Maces & Flails
 + Level 2.4 Polearms
 + Level 2.4 Staves
 + Level 2.4 Ranged Weapons
 + Level 2.4 Throwing
 + Level 2.4 Armour
 + Level 5.2 Dodging
 + Level 2.4 Stealth
 + Level 2.4 Shields
 + Level 2.4 Unarmed Combat
 + Level 5.6 Spellcasting
 + Level 5.8 Conjurations
 + Level 2.0 Hexes
 + Level 2.0 Summonings
 + Level 2.0 Necromancy
 + Level 2.0 Translocations
 + Level 2.0 Transmutations
 + Level 2.0 Fire Magic
 + Level 2.0 Ice Magic
 + Level 2.0 Air Magic
 + Level 2.0 Earth Magic
 + Level 2.0 Poison Magic
 + Level 2.7 Invocations
 + Level 2.4 Evocations
 + Level 2.0 Shapeshifting


You had 14 spell levels left.
You knew the following spells:

 Your Spells              Type           Power      Damage    Failure   Level
a - Kiss of Death         Conj/Necr      48%        2d9       4%          1
b - Momentum Strike       Conj/Tloc      24%        3d8       8%          2

Your spell library contained the following spells:

 Spells                   Type           Power      Damage    Failure   Level
 Hailstorm                Conj/Ice       12%        3d5       14%         3
 Ozocubu's Armour         Ice            8%         N/A       32%         3
 Metabolic Englaciation   Hex/Ice        4%         N/A       96%         5
 Simulacrum               Ice/Necr       4%         N/A       100%        6


Dungeon Overview and Level Annotations

Branches:
Dungeon (5/15)              Sewer (visited)
 Temple: D:4-7

Altars:
Gozag
Xom
The Shining One

Shops:
D:4 (


Innate Abilities, Weirdness & Mutations

You have very sharp teeth.
Your uncanny sense of smell can sniff out nearby items.
Your experience applies equally to all skills.


Message History

You barely miss the killer bee.
You feel sick. The killer bee barely misses you. The adder bites you.
You are more poisoned.
The adder poisons you!
The killer bee stings you but does no damage.
Unknown command.
You hit the killer bee.
The killer bee is poisoned.
The killer bee is lightly wounded.
You feel sick. The killer bee stings you.
You are more poisoned.
The killer bee poisons you! The adder bites you but does no damage.
The killer bee stings you but does no damage.
The adder closely misses you. The killer bee stings you.
You are more poisoned.
The killer bee poisons you!
You closely miss the killer bee.
The killer bee is moderately wounded.
You feel very sick.
The killer bee stings you but does no damage.
The adder bites you but does no damage. The killer bee stings you.
* * * LOW HITPOINT WARNING * * *
You are more poisoned.
The killer bee poisons you! The adder bites you but does no damage.
Casting: Kiss of Death (safe; 4% risk of failure)
Confirm with . or Enter, or press ? or * to list all spells.
Aiming: Kiss of Death (safe; 4% risk of failure)
Press: ? - help, Shift-Dir - straight line, f - adder
Aim: an adder (100% to hit)
The negative energy hits the adder!
The adder is drained!
The adder is almost dead.
You feel drained.
* * * LOW HITPOINT WARNING * * *
You feel very sick. The killer bee stings you.
* * * LOW HITPOINT WARNING * * *
You are more poisoned.
The killer bee poisons you! The killer bee barely misses you.
The adder bites you but does no damage.
It was a potion of magic.
Magic courses through your body.
You die...

##.........)...........####.##...
##......................#....##..
####......................#..##..
#...............<##....#.##...
#...........##.#..####........
###.....#....###..#>#....#....
######....###...# ##........#....
8##8##...## ###.## ###......####.
.....'...# #S@# #........#..
8##8##..## ##.y#####........#..
######..# ##...##...<.####...##
##..## #....#......#.###..#≈
##..## ##..............#..#~
##..## ##....##......###.'≈
##..## #...####.....# ###~ #..##
########.....# #≈ ..## #.......#
##


You could see a killer bee (very poisoned) and an adder (very drained).

Vanquished Creatures
  Blork the orc (D:4)
  2 bullfrogs (Sewer)
  A scorpion (D:4)
  An iguana (D:3)
  4 gnolls (D:4)
  8 adders
  A river rat (D:3)
  An ufetubus (D:4)
  4 worms
  7 dart slugs
  4 orcs
  8 bats
  5 endoplasms
  12 giant cockroaches
  12 goblins
  8 hobgoblins
  9 quokkas
  9 ball pythons
  12 frilled lizards
  5 kobolds
  4 rats
118 creatures vanquished.

Notes
Turn   | Place    | Note
-------+----------+-------------------------------------------
     0 | D:1      | Rohain the Gnoll Reaver began the quest for the Orb.
     0 | D:1      | Reached XP level 1. HP: 20/20 MP: 6/6
    83 | D:1      | Reached XP level 2. HP: 26/26 MP: 7/7
   758 | D:2      | Reached XP level 3. HP: 31/31 MP: 9/9
   827 | D:2      | Reached skill level 5 in Spellcasting
   877 | D:2      | Learned a level 2 spell: Momentum Strike
   956 | D:2      | Reached skill level 1 in Invocations
  1056 | D:2      | Reached skill level 1 in Short Blades
  1056 | D:2      | Reached skill level 1 in Axes
  1056 | D:2      | Reached skill level 1 in Maces & Flails
  1056 | D:2      | Reached skill level 1 in Polearms
  1056 | D:2      | Reached skill level 1 in Staves
  1056 | D:2      | Reached skill level 1 in Ranged Weapons
  1056 | D:2      | Reached skill level 1 in Throwing
  1056 | D:2      | Reached skill level 1 in Armour
  1056 | D:2      | Reached skill level 1 in Stealth
  1056 | D:2      | Reached skill level 1 in Shields
  1056 | D:2      | Reached skill level 1 in Unarmed Combat
  1056 | D:2      | Reached skill level 1 in Evocations
  1085 | D:2      | Found a faded altar of an unknown god.
  1156 | D:2      | Reached XP level 4. HP: 38/38 MP: 11/11
  1691 | D:3      | Reached skill level 1 in Hexes
  1691 | D:3      | Reached skill level 1 in Summonings
  1691 | D:3      | Reached skill level 1 in Necromancy
  1691 | D:3      | Reached skill level 1 in Translocations
  1691 | D:3      | Reached skill level 1 in Transmutations
  1691 | D:3      | Reached skill level 1 in Fire Magic
  1691 | D:3      | Reached skill level 1 in Ice Magic
  1691 | D:3      | Reached skill level 1 in Air Magic
  1691 | D:3      | Reached skill level 1 in Earth Magic
  1691 | D:3      | Reached skill level 1 in Poison Magic
  1691 | D:3      | Reached skill level 1 in Shapeshifting
  2075 | D:3      | Reached XP level 5. HP: 43/43 MP: 12/12
  2078 | D:3      | Found a glowing drain.
  2084 | Sewer    | Entered a sewer
  2668 | Sewer    | Reached skill level 5 in Fighting
  2668 | Sewer    | Reached skill level 5 in Dodging
  2668 | Sewer    | Reached XP level 6. HP: 12/49 MP: 12/14
  3254 | D:3      | Found an opulent altar of Gozag.
  3254 | D:3      | Found a shimmering altar of Xom.
  3529 | D:4      | Noticed Blork the orc
  3539 | D:4      | Killed Blork the orc
  3604 | D:4      | Reached XP level 7. HP: 51/56 MP: 15/15
  3642 | D:4      | Reached skill level 7 in Long Blades
  3909 | D:4      | Found Kir Derut's Antique Weapon Shop.
  4113 | D:4      | Found a glowing golden altar of the Shining One.
  4121 | D:5      | Entered Level 5 of the Dungeon
  4154 | D:4      | Succumbed to a killer bee's poison

Illustrated notes

Levels and vault maps discovered:
D:1:      dpeg_arrival_arbitrary_b, layout_loops_ring
D:2:      layout_loops_ring, shapermc_ecumenical_altar_ellora
D:3:      minmay_razor_zed, layout_loops_ring, nicolae_overflow_hidden_temple,
          gup_sewer_entry_bubbles
D:4:      layout_cave_pools, tso_oasis_becter, serial_shops,
          nicolae_lakefront_shop, chequers_serial_rivers_room_b,
          grunt_decor_clamped, dk_noncrumbling_2, uniq_blork_the_orc
D:5:      layout_gridville, temple_fountains, nicolae_ossuary_entry_monument

Skill      XL: |  1  2  3  4  5  6  7 |
---------------+----------------------+-----
Spellcasting   | 5 |  5.6
Invocations    | 1 2 |  2.7
Short Blades   | 1 2 |  2.4
Axes           | 1 2 |  2.4
Maces & Flails | 1 2 |  2.4
Polearms       | 1 2 |  2.4
Staves         | 1 2 |  2.4
Ranged Weapons | 1 2 |  2.4
Throwing       | 1 2 |  2.4
Armour         | 1 2 |  2.4
Stealth        | 1 2 |  2.4
Shields        | 1 2 |  2.4
Unarmed Combat | 1 2 |  2.4
Evocations     | 1 2 |  2.4
Hexes          | 1 2 |  2.0
Summonings     | 1 2 |  2.0
Necromancy     | 1 2 |  2.0
Translocations | 1 2 |  2.0
Transmutations | 1 2 |  2.0
Fire Magic     | 1 2 |  2.0
Ice Magic      | 1 2 |  2.0
Air Magic      | 1 2 |  2.0
Earth Magic    | 1 2 |  2.0
Poison Magic   | 1 2 |  2.0
Shapeshifting  | 1 2 |  2.0
Fighting       | 5 |  5.2
Dodging        | 5 |  5.2
Long Blades    | 7 |  7.0
Conjurations   | |  5.8

Action                     |  1- 3 |  4- 6 |  7- 9 || total
---------------------------+-------+-------+-------++-------
  Melee: Falchion          |     4 |       |       ||     4
         Trident           |    61 |   185 |    53 ||   299
         Bite              |     1 |    11 |     4 ||    16
         Punch             |       |     3 |     1 ||     4
   Cast: Momentum Strike   |     4 |     3 |       ||     7
         Kiss of Death     |       |     1 |     1 ||     2
    Use: Scroll            |       |     7 |     2 ||     9
         Potion            |       |       |     1 ||     1
   Stab: Sleeping          |     3 |     4 |       ||     7
 Armour: Leather armour    |    24 |    49 |    23 ||    96
  Dodge: Dodged            |    30 |    93 |    48 ||   171

Table legend: (Time is in decaauts)
 A = Elapsed time spent in this place.
 B = Non-inter-level travel time spent in this place.
 C = Inter-level travel time spent in this place.
 D = Time resting spent in this place.
 E = Time spent auto-exploring this place.
 F = Levels seen in this place.
 G = Mean time per level.
                   A        B        C        D        E       F      G
               +--------+--------+--------+--------+--------+-----+--------+
         Total |   4301 |   4132 |    169 |    438 |   2799 |   6 |  716.8 |
       Dungeon |   3490 |   3321 |    169 |    107 |   2521 |   5 |  698.0 |
         Sewer |    811 |    811 |      0 |    331 |    278 |   1 |  811.0 |
               +--------+--------+--------+--------+--------+-----+--------+

Top non-repeatable levels by time:
     D:2: 1007 daAuts
     D:3: 992 daAuts
   Sewer: 811 daAuts
     D:4: 745 daAuts
     D:1: 719 daAuts
     D:5: 25 daAuts
